 Dungeon Crawl Stone Soup version 0.22-a0-161-g198051cff3 (console) character file.

132 Muffindrake the Sneak (level 5, -2/46 HPs)
             Began as a Tengu Assassin on Feb 11, 2018.
             Slain by Grinder (5 damage)
             ... on level 3 of the Dungeon.
             The game lasted 00:07:58 (1695 turns).

Muffindrake the Sneak (Tengu Assassin)              Turns: 1695, Time: 00:07:59

Health: -2/46      AC:  4    Str: 20    XL:     5   Next: 15%
Magic:  6/6        EV: 16    Int: 12    God:
Gold:   87         SH:  0    Dex: 16    Spells: 4/4 levels left

rFire    . . .     SeeInvis .   a - +2 dagger
rCold    . . .     Gourm    .   (no shield)
rNeg     . . .     Faith    .   c - +1 robe
rPois    .         Spirit   .   (helmet restricted)
rElec    .         Reflect  .   q - +0 cloak
rCorr    .         Harm     .   (no gloves)
MR       .....                  (boots unavailable)
Stlth    ..........             (no amulet)
HPRegen  0.15/turn              l - +4 ring of strength
MPRegen  0.10/turn              p - +3 ring of evasion

@: berserking, hasted, very quick
A: beak, talons 3, able to fly 1
a: Fly


You were on level 3 of the Dungeon.
You were not hungry.

You visited 1 branch of the dungeon, and saw 3 of its levels.

You collected 87 gold pieces.

Inventory:

Hand Weapons
 a - a +2 dagger (weapon)
 b - a +0 blowgun
Missiles
 e - 8 poisoned needles
 f - 2 curare-tipped needles
Armour
 c - a +1 robe (worn)
 q - a +0 cloak (worn)
Jewellery
 l - a +4 ring of strength (left hand)
 p - a +3 ring of evasion (right hand)
Scrolls
 m - a scroll of teleportation {unknown}
 n - 2 scrolls of remove curse
 o - 3 scrolls of fear {unknown}
 r - 4 scrolls of random uselessness {unknown}
Potions
 h - 2 potions of flight
 k - 2 potions of curing
Comestibles
 g - 4 rations


   Skills:
 - Level 2.5 Fighting
 * Level 3.7 Short Blades
 - Level 2.0 Throwing
 + Level 2.0 Dodging
 + Level 5.2 Stealth


You had 4 spell levels left.
You didn't know any spells.

Dungeon Overview and Level Annotations

Branches:
Dungeon (3/15)

Altars:

Annotations:
D:3 Grinder


Innate Abilities, Weirdness & Mutations

You have a beak for a mouth.
You have claws for feet.
You can fly.


Message History

You hit Grinder. You claw Grinder.
Grinder is heavily wounded.
Grinder gestures at you. Pain shoots through your body!
You barely miss Grinder.
Grinder is heavily wounded.
Grinder hits you.
You writhe in agony.
* * * LOW HITPOINT WARNING * * *
You feel yourself speed up.
Grinder blinks!
A red film seems to cover your vision as you go berserk!
You feel yourself moving faster!
You feel mighty!
You feel a strong urge to attack something.
You completely miss Grinder. You claw Grinder! You peck Grinder!
Grinder is almost dead.
You hit Grinder. Your kick misses Grinder.
Grinder is almost dead.
Grinder hits you!
* * * LOW HITPOINT WARNING * * *
You writhe in agony.
You die...

+......##.# #..
#......##.# #.####
###......##.####.....
.........'...........
.........############
.....##.#...... ####
#.#.##### #.#.# #.#.#
##########.#.#
+......@5....#
##########...# ....#
#...# ....# ##..# ..#
..#


You could see Grinder.

Vanquished Creatures
  A hound (D:2)
  Jessica (D:2)
  3 adders (D:2)
  An ooze (D:2)
  2 worms (D:2)
  A dart slug (D:1)
  5 bats
  4 giant cockroaches
  5 goblins
  3 hobgoblins (D:1)
  A quokka (D:2)
  A ball python (D:1)
  2 frilled lizards
  6 kobolds
  5 rats
41 creatures vanquished.

Notes
Turn   | Place    | Note
-------+----------+-------------------------------------------
     0 | D:1      | Muffindrake the Tengu Assassin began the quest for the Orb.
     0 | D:1      | Reached XP level 1. HP: 12/12 MP: 2/2
   109 | D:1      | Reached XP level 2. HP: 1/17 MP: 3/3
   728 | D:1      | Reached XP level 3. HP: 22/22 MP: 4/4
  1125 | D:2      | Noticed Jessica
  1147 | D:2      | Killed Jessica
  1147 | D:2      | Reached skill level 5 in Stealth
  1147 | D:2      | Reached XP level 4. HP: 27/27 MP: 5/5
  1451 | D:2      | Gained mutation: You can fly. [Tengu growth]
  1451 | D:2      | Reached XP level 5. HP: 31/31 MP: 6/6
  1681 | D:3      | Noticed Grinder
  1695 | D:3      | Slain by Grinder

Vault maps used:
D:1:      dpeg_arrival_snail, minmay_small_reverse_x
D:2:      first_ration, uniq_jessica
D:3:      chequers_ecumenical_altar_simple_redux, nrook_mini_backslash,
          uniq_terence, uniq_natasha, uniq_grinder

Skill      XL: |  1  2  3  4 |
---------------+-------------+-----
Short Blades   | 3 |  3.7
Stealth        | 5 |  5.2
Dodging        | 2 |  2.0
Fighting       | |  2.5
Throwing       | |  2.0

Action                   |  1- 3 |  4- 6 || total
-------------------------+-------+-------++-------
Melee: Dagger            |    58 |    22 ||    80
       Kick              |    10 |     7 ||    17
       Peck              |     4 |     3 ||     7
  Use: Scroll            |     5 |     2 ||     7
       Potion            |       |     2 ||     2
 Stab: Sleeping          |    17 |     6 ||    23
  Eat: Chunk             |       |     2 ||     2
Armor: Robe              |    11 |     1 ||    12
Dodge: Dodged            |    23 |     4 ||    27

Table legend:
 A = Spawn XP
 B = Non-spawn XP
 C = Spawn XP percentage of total XP
 D = Spawn monster count
 E = Non-spawn monster count
 F = Spawn count percentage of total count
 G = Total turns spent on level
                    A         B        C        D         E        F      G
               +---------+---------+-------+---------+---------+-------+---------
         Total |       0 |     189 |   0.0 |       0 |      41 |   0.0 |  1695
               +---------+---------+-------+---------+---------+-------+---------
           D:1 |       0 |      35 |   0.0 |       0 |      21 |   0.0 |   765
           D:2 |       0 |     154 |   0.0 |       0 |      20 |   0.0 |   899
               +---------+---------+-------+---------+---------+-------+---------
